 Dungeon Crawl Stone Soup version 0.31-a0-1147-g46bab52692 (webtiles) character file.

Game seed: 16807358432887583038

288 Jinxxian the Chiller (level 6, -2/44 HPs)
             Began as a Merfolk Ice Elementalist on Dec 7, 2023.
             Killed from afar by an orc wizard (7 damage)
             ... with a puff of flame
             ... on level 5 of the Dungeon.
             The game lasted 00:12:04 (3147 turns).

Jinxxian the Chiller (Merfolk Ice Elementalist)     Turns: 3147, Time: 00:12:05

Health: -2/44      AC:  2    Str:  8    XL:     6   Next: 31%
Magic:  18/19      EV: 13    Int: 16    God:
Gold:   277        SH:  0    Dex: 15    Spells: 10/11 levels left

rFire   . . .        e - +2 dagger (speed)
rCold   . . .        (no shield)
rNeg    . . .        a - +0 robe
rPois   .            (no helmet)
rElec   .            (no cloak)
rCorr   .            (no gloves)
SInv    .            (no boots)
Will    .....        (no amulet)
Stlth   +            u - ring of magical power
HPRegen 0.27/turn    (no ring)
MPRegen 0.16/turn

%: no passive effects
@: confused, on berserk cooldown, slowed, very slow
A: (nimble swimmer 2), mertail
a: no special abilities


You were on level 5 of the Dungeon.
You visited 1 branch of the dungeon, and saw 4 of its levels.

You collected 277 gold pieces.

Inventory:

Hand Weapons
 e - a +2 dagger of speed (weapon)
Missiles
 l - 2 poisoned darts
 n - 12 stones
 o - 5 javelins
Armour
 a - a +0 robe (worn)
Jewellery
 u - a ring of magical power (left hand)
Talismans
 k - a blade talisman
 r - a beast talisman
Wands
 q - a wand of digging (7)
 v - a wand of paralysis (5)
Scrolls
 c - a scroll of blinking {unknown}
 d - a scroll of poison {unknown}
 f - a scroll of summoning {unknown}
 g - 3 scrolls of identify {unknown}
 h - a scroll of fear {unknown}
 j - a scroll of fog {unknown}
 m - 5 scrolls of teleportation {unknown}
 p - a scroll of revelation {unknown}
 s - a scroll of enchant armour {unknown}
 t - a scroll of immolation {unknown}
Potions
 b - a potion of magic


   Skills:
 + Level 2.2 Fighting
 + Level 2.1 Short Blades
 + Level 4.0 Dodging
 + Level 3.6 Stealth
 * Level 3.2 Spellcasting
 * Level 5.3 Ice Magic


You had 10 spell levels left.
You knew the following spells:

 Your Spells              Type           Power      Damage    Failure   Level
a - Freeze                Ice            76%        1d8       1%          1

Your spell library contained the following spells:

 Spells                   Type           Power      Damage    Failure   Level
 Frozen Ramparts          Ice            38%        1d6       6%          3
 Ozocubu's Armour         Ice            19%        N/A       6%          3
 Sandblast                Erth           4%         2d4       19%         1
 Sting                    Tmut/Pois      8%         1d3       19%         1
 Passwall                 Tmut/Erth      1%         N/A       28%         2
 Poisonous Vapours        Pois/Air       4%         N/A       28%         2
 Stone Arrow              Conj/Erth      4%         3d7       50%         3
 Summon Ice Beast         Ice/Summ       11%        N/A       52%         4
 Brom's Barrelling Bould  Conj/Erth      2%         2d3       88%         4
 Olgreb's Toxic Radiance  Pois           2%         N/A       88%         4


Dungeon Overview and Level Annotations

Branches:
Dungeon (3/15)

Altars:
Kikubaaqudgha
Trog


Innate Abilities, Weirdness & Mutations

((You are very nimble when in or above water. (Stealth+, EV+, Speed+++)))
Your lower body shifts to a powerful aquatic tail in water.


Message History

The orc wizard gestures wildly while chanting.
The orc wizard flickers and vanishes!
Deactivating autopickup; reactivate with Ctrl-A.
You miss something.
You hear some strange, mumbled words.
You are more confused.
Okay, then.
You're too confused to cast spells.
You're too confused to move!
Something hits you.
* * * LOW HITPOINT WARNING * * *
Something hits you but does no damage. Something hits you.
* * * LOW HITPOINT WARNING * * *
You're too confused to cast spells.
You hit something. Something hits you.
* * * LOW HITPOINT WARNING * * *
Things that are here:
a +0 mace; a +0 leather armour
Okay, then.
You are too confused!
You hit something.
You feel less confused. Something hits you.
* * * LOW HITPOINT WARNING * * *
You miss something.
You hear some strange, mumbled words.
A puff of flame appears from out of thin air!
The puff of flame misses you.
Aiming: Freeze (safe; 1% risk of failure)
Press: ? - help, Q - select action, (/) - cycle Shift-Dir - straight line You freeze something.
Something hits you.
* * * LOW HITPOINT WARNING * * *
You hear some strange, mumbled words.
You are confused.
You're too confused to cast spells.
You barely miss something.
You hear some strange, mumbled words.
A puff of flame appears from out of thin air!
The puff of flame hits you!
You die...

..........#####...
###.............#
###### ###...#......##
#....# #...######...#
#.88.# ##..## #..#
####.88.# #...#
#..###..'....# ##.##
##..#..#####'# #.##
#.{.)## #..# #..#
#@).## ##..# ##.#
##..## ##o### #.##
#...##.#.# #..#
##......#.# #..##
#.......#.# ##..#
##......###. ##...##
###.......# #
###.....###.........#
###.............###...#
#...


There were no monsters in sight!

Vanquished Creatures
  Blork the orc (D:5)
  A hound (D:3)
  A jelly (D:5)
  2 iguanas (D:5)
  An orc wizard (D:5)
  4 adders
  2 ufetubi (D:3)
  2 dart slugs (D:3)
  An orc (D:5)
  2 bats (D:2)
  2 endoplasms (D:1)
  2 giant cockroaches (D:1)
  4 goblins
  A hobgoblin (D:1)
  3 quokkas
  3 ball pythons
  3 frilled lizards
  6 kobolds
  4 rats
45 creatures vanquished.

Notes
Turn   | Place    | Note
-------+----------+-------------------------------------------
     0 | D:1      | Jinxxian the Merfolk Ice Elementalist began the quest for
                  | the Orb.
     0 | D:1      | Reached XP level 1. HP: 13/13 MP: 3/3
   231 | D:1      | Reached XP level 2. HP: 19/19 MP: 1/5
  1134 | D:2      | Reached skill level 1 in Fighting
  1134 | D:2      | Reached XP level 3. HP: 17/26 MP: 1/6
  1322 | D:2      | Found a faded altar of an unknown god.
  2094 | D:2      | Found an ancient bone altar of Kikubaaqudgha.
  2268 | D:3      | Reached skill level 1 in Short Blades
  2268 | D:3      | Reached XP level 4. HP: 29/32 MP: 7/7
  2563 | D:3      | You fall into a shaft and drop 2 floors!
  2563 | D:5      | Entered Level 5 of the Dungeon
  2586 | D:5      | Reached skill level 5 in Ice Magic
  2586 | D:5      | Reached XP level 5. HP: 16/38 MP: 9/9
  2746 | D:5      | Found a bloodstained altar of Trog.
  2799 | D:5      | Noticed Blork the orc
  2818 | D:5      | Killed Blork the orc
  2819 | D:5      | Reached XP level 6. HP: 20/44 MP: 10/10
  3147 | D:5      | Killed from afar by an orc wizard

Illustrated notes

Levels and vault maps discovered:
D:1:      minmay_arrival_plants_in_alcoves, layout_loops_ring
D:2:      layout_basic, basic_altar, shapermc_ecumenical_altar_mp_highgroup,
          chequers_serial_rivers_small_b, dreamdust_wishing_well
D:3:      layout_rooms, minivault_26
D:5:      minmay_chambers_of_fours, layout_layer_cave,
          overflow_temple_1_default, uniq_blork_the_orc

Skill      XL: |  1  2  3  4  5  6 |
---------------+-------------------+-----
Dodging        | 3 4 |  4.0
Fighting       | 1 2 |  2.2
Short Blades   | 1 2 |  2.1
Stealth        | 3 |  3.6
Ice Magic      | 5 |  5.3
Spellcasting   | 3 |  3.2

Action                     |  1- 3 |  4- 6 || total
---------------------------+-------+-------++-------
  Melee: Dagger            |     7 |    36 ||    43
         Punch             |       |     1 ||     1
   Cast: Freeze            |    44 |    35 ||    79
    Use: Potion            |       |     3 ||     3
   Stab: Sleeping          |     1 |       ||     1
 Armour: Robe              |    16 |    58 ||    74
  Dodge: Dodged            |    18 |    65 ||    83

Table legend: (Time is in decaauts)
 A = Elapsed time spent in this place.
 B = Non-inter-level travel time spent in this place.
 C = Inter-level travel time spent in this place.
 D = Time resting spent in this place.
 E = Time spent auto-exploring this place.
 F = Levels seen in this place.
 G = Mean time per level.
                   A        B        C        D        E       F      G
               +--------+--------+--------+--------+--------+-----+--------+
         Total |   3130 |   3130 |      0 |   1027 |   1469 |   4 |  782.5 |
       Dungeon |   3130 |   3130 |      0 |   1027 |   1469 |   4 |  782.5 |
               +--------+--------+--------+--------+--------+-----+--------+

Top non-repeatable levels by time:
     D:1: 1074 daAuts
     D:2: 1056 daAuts
     D:5: 579 daAuts
     D:3: 420 daAuts
